 Dungeon Crawl Stone Soup version 0.28.0-45-g0d030f2227 (webtiles) character file.

Game seed: 4990652483419319694

6290 croobank the Covert (level 10, -3/82 HPs)
             Began as a Gnoll Delver on Apr 8, 2022.
             Was an Initiate of Gozag.
             Slain by an orc warrior
             ... wielding a +0 short sword
              (11 damage)
             ... on level 9 of the Dungeon.
             The game lasted 00:35:07 (10411 turns).

croobank the Covert (Gnoll Delver)                 Turns: 10411, Time: 00:35:07

Health: -3/82      AC: 25    Str: 19    XL:     10   Next: 94%
Magic:  18/18      EV:  5    Int: 11    God:    Gozag
Gold:   621        SH:  0    Dex: 19    Spells: 20/20 levels left

rFire   . . .      SeeInvis .   a - +1 halberd (flame)
rCold   . . .      Faith    .   (shield currently unavailable)
rNeg    . . .      Spirit   .   e - +1 crystal plate armour of Inviolability {Regen+ Str+4}
rPois   .          Reflect  .   (no helmet)
rElec   .          Harm     .   B - +2 cloak
rCorr   +          Rampage  .   E - +2 pair of gloves
Will    .....                   (no boots)
Stlth   ..........              (no amulet)
HPRegen 1.03/turn               c - +6 ring of dexterity
MPRegen 0.16/turn               T - ring of resist corrosion

@: no status effects
A: fangs 1, strong nose, distributed training
a: Renounce Religion, Potion Petition, Call Merchant, Bribe Branch


You were on level 9 of the Dungeon.
You worshipped Gozag.
Gozag was pleased with you.
You visited 2 branches of the dungeon, and saw 10 of its levels.

You collected 814 gold pieces.
You spent 36 gold pieces at shops.
You paid 157 gold pieces to Gozag.

Inventory:

Hand Weapons
 a - a +1 halberd of flaming (weapon)
 b - a +0 hunting sling
 v - a +1 hand axe
 A - a +2 vorpal scimitar
 D - a +0 shortbow
 F - a +0 war axe
 R - a +0 battleaxe
 S - a +2 dire flail
 V - a +1 flail of holy wrath
Missiles
 i - 69 bolts
 j - 15 poisoned darts
 k - 7 atropa-tipped darts
 m - 19 sling bullets
 s - 154 arrows
 u - 252 stones
Armour
 e - the +1 crystal plate armour of Inviolability (worn) {Regen+ Str+4}
   (You acquired it on level 5 of the Dungeon)

   Str:       It affects your strength (+4).
   Regen:     It increases your rate of health regeneration.
 q - a +0 plate armour
 t - the +1 ring mail of Ufotyez {rElec rC+}
   (You found it on level 2 of the Dungeon)

   rC:        It protects you from cold.
   rElec:     It insulates you from electricity.
 y - a +0 chain mail
 B - a +2 cloak (worn)
 E - a +2 pair of gloves (worn)
 G - +0 steam dragon scales
 M - a +0 helmet
 O - a +2 kite shield of fire resistance
Jewellery
 c - a +6 ring of dexterity (left hand)
 h - a ring of protection from fire
 l - a ring of fire
 p - a ring of protection from cold
 x - a +6 ring of intelligence
 T - a ring of resist corrosion (right hand)
Wands
 g - a wand of digging (8)
 H - a wand of flame (33)
 K - a wand of charming (19)
 L - a wand of acid (17)
 Q - a wand of iceblast (9) (quivered)
Scrolls
 f - a scroll of blinking {unknown}
 C - 4 scrolls of identify
 J - 2 scrolls of teleportation
 N - a scroll of brand weapon {unknown}
 P - 2 scrolls of silence {unknown}
 U - a scroll of acquirement
Potions
 d - 3 potions of ambrosia
 n - a potion of heal wounds {unknown}
 o - 3 potions of flight {unknown}
 r - 5 potions of curing
 w - a potion of mutation {unknown}
 z - a potion of invisibility {unknown}
 I - a potion of might
 W - 2 potions of cancellation {unknown}


   Skills:
 + Level 8.8 Fighting
 + Level 5.7 Short Blades
 + Level 5.7 Long Blades
 + Level 7.4 Axes
 + Level 5.7 Maces & Flails
 + Level 5.7 Polearms
 + Level 5.7 Staves
 + Level 5.7 Slings
 + Level 5.7 Bows
 + Level 5.7 Crossbows
 + Level 5.7 Throwing
 + Level 5.7 Armour
 + Level 7.4 Dodging
 + Level 11.1 Stealth
 + Level 5.7 Shields
 + Level 5.7 Unarmed Combat
 + Level 5.7 Spellcasting
 + Level 4.7 Conjurations
 + Level 4.7 Hexes
 + Level 4.7 Summonings
 + Level 4.7 Necromancy
 + Level 4.7 Translocations
 + Level 4.7 Transmutations
 + Level 4.7 Fire Magic
 + Level 4.7 Ice Magic
 + Level 4.7 Air Magic
 + Level 4.7 Earth Magic
 + Level 4.7 Poison Magic
 + Level 6.3 Invocations
 + Level 5.7 Evocations


You had 20 spell levels left.
You didn't know any spells.
Your spell library contained the following spells:

 Spells                   Type           Power      Damage    Failure   Level
 Confusing Touch          Hex            13%        N/A       100%        3
 Gell's Gravitas          Tloc           13%        N/A       100%        3
 Lesser Beckoning         Tloc           13%        N/A       100%        3
 Portal Projectile        Hex/Tloc       26%        N/A       100%        3
 Teleport Other           Tloc           13%        N/A       100%        3
 Blade Hands              Tmut           6%         N/A       100%        5
 Excruciating Wounds      Necr           6%         N/A       100%        5
 Yara's Violent Unravell  Hex/Tmut       6%         3d5       100%        5
 Enfeeble                 Hex            6%         N/A       100%        7


Dungeon Overview and Level Annotations

Branches:
Dungeon (9/15)             Temple (1/1) D:7
   Lair: D:8-11         Orc: D:9-12

Altars:
Cheibriados
Dithmenos
Elyvilon
Gozag
Makhleb
Okawaru
Qazlal
Trog
Uskayaw
Vehumet
Yredelemnul
The Shining One

Shops:
D:2 *

Annotations:
D:5 2 transporters, nickcage's ghost, amateur FoFi


Innate Abilities, Weirdness & Mutations

You have very sharp teeth.
Your uncanny sense of smell can sniff out nearby items.
Your experience applies equally to all skills.


Message History

You bite the orc warrior, but do no damage.
The orc warrior is moderately wounded.
The orc warrior hits you with a +0 short sword!
You barely miss the orc warrior.
The orc warrior is moderately wounded.
The orc warrior hits you but does no damage.
The orc warrior completely misses you.
You barely miss the orc warrior.
The orc warrior is moderately wounded.
The orc warrior hits you with a +0 short sword!
The orc warrior hits you but does no damage.
You are too injured to fight recklessly!
You are too injured to fight recklessly!
You are too injured to fight recklessly!
You are too injured to fight recklessly!
You are too injured to fight recklessly!
You are too injured to fight recklessly!
You puncture the orc warrior! You burn the orc warrior.
The orc warrior is heavily wounded.
The orc warrior hits you but does no damage.
The orc warrior hits you with a +0 short sword!
You hit the orc warrior. You burn the orc warrior.
The orc warrior is severely wounded.
The orc warrior hits you but does no damage.
The orc warrior barely misses you.
You hit the orc warrior. You burn the orc warrior.
The orc warrior is severely wounded.
The orc warrior hits you with a +0 short sword!
* * * LOW HITPOINT WARNING * * *
The orc warrior hits you with a +0 short sword!
* * * LOW HITPOINT WARNING * * *
You barely miss the orc warrior.
The orc warrior is severely wounded.
The orc warrior hits you with a +0 short sword!
* * * LOW HITPOINT WARNING * * *
Okay, then.
Okay, then.
The orc warrior hits you with a +0 short sword!
You die...
Your body crumbles into a pile of gold.

##########
#########.........
#_.....#<......>..
#.....o@..........
#_.....#..........
#########.........
##'###### #.###
#...# ###.# #.##
#..#


You could see an orc warrior (berserk).

Vanquished Creatures
  A two-headed ogre (D:9)
  Pikel (D:5)
  Maggie (D:5)
  A troll (D:9)
  A hornet (D:9)
  Prince Ribbit (D:8)
  A shadow (D:9)
  3 yaks (D:7)
  A basilisk (D:8)
  A steam dragon (D:7)
  An acid dragon (D:9)
  A water moccasin (D:6)
  4 black bears
  5 orc warriors
  2 sky beasts (D:6)
  2 necrophages
  An ice beast (D:7)
  3 ogres
  2 centaurs
  2 lemures (D:5)
  2 phantoms (D:7)
  A gnoll sergeant (D:7)
  A wyvern zombie (D:8)
  A scorpion (D:6)
  A water moccasin zombie (D:5)
  5 wights
  A howler monkey (D:6)
  2 centaur zombies
  4 hounds
  A jelly (D:6)
  5 orc priests
  3 centaur skeletons
  3 iguanas
  10 orc wizards
  A hound skeleton (D:4)
  9 gnolls
  4 adders
  A shadow imp (D:8)
  2 worms
  4 dart slugs
  24 orcs
  3 ball pythons
  4 bats
  6 endoplasms
  7 giant cockroaches
  11 goblins
  5 hobgoblins
  10 jackals
  3 kobolds
  5 quokkas
  A frilled lizard (D:1)
  5 rats
180 creatures vanquished.

Vanquished Creatures (others)
  2 fungi (D:3)
  3 plants (D:3)
5 creatures vanquished.

Grand Total: 185 creatures vanquished

Notes
Turn   | Place    | Note
-------+----------+-------------------------------------------
     0 | D:5      | Reached skill level 9 in Stealth
     0 | D:5      | croobank the Gnoll Delver began the quest for the Orb.
     0 | D:5      | Reached XP level 1. HP: 23/23 MP: 1/1
    17 | D:5      | Noticed a water moccasin zombie
    68 | D:5      | Noticed a hound
    73 | D:5      | Noticed a hound
   103 | D:4      | Reached XP level 2. HP: 20/29 MP: 2/2
   366 | D:3      | Found a stormy altar of Qazlal.
   367 | D:3      | Found a basalt altar of Yredelemnul.
   431 | D:3      | Noticed an ogre
   520 | D:3      | Found a faded altar of an unknown god.
   646 | D:3      | Reached XP level 3. HP: 20/35 MP: 3/3
  1490 | D:1      | Reached skill level 1 in Invocations
  1662 | D:1      | Reached skill level 1 in Short Blades
  1662 | D:1      | Reached skill level 1 in Long Blades
  1662 | D:1      | Reached skill level 1 in Maces & Flails
  1662 | D:1      | Reached skill level 1 in Polearms
  1662 | D:1      | Reached skill level 1 in Staves
  1662 | D:1      | Reached skill level 1 in Slings
  1662 | D:1      | Reached skill level 1 in Bows
  1662 | D:1      | Reached skill level 1 in Crossbows
  1662 | D:1      | Reached skill level 1 in Throwing
  1662 | D:1      | Reached skill level 1 in Armour
  1662 | D:1      | Reached skill level 1 in Shields
  1662 | D:1      | Reached skill level 1 in Unarmed Combat
  1662 | D:1      | Reached skill level 1 in Spellcasting
  1662 | D:1      | Reached skill level 1 in Evocations
  1765 | D:1      | Reached XP level 4. HP: 40/41 MP: 5/5
  2382 | D:2      | Found Futhraj's General Store.
  2393 | D:2      | Bought a potion of curing for 36 gold pieces
  2518 | D:2      | Identified the +1 ring mail of Ufotyez {rElec rC+}
  3129 | D:2      | Reached skill level 1 in Conjurations
  3129 | D:2      | Reached skill level 1 in Hexes
  3129 | D:2      | Reached skill level 1 in Summonings
  3129 | D:2      | Reached skill level 1 in Necromancy
  3129 | D:2      | Reached skill level 1 in Translocations
  3129 | D:2      | Reached skill level 1 in Transmutations
  3129 | D:2      | Reached skill level 1 in Fire Magic
  3129 | D:2      | Reached skill level 1 in Ice Magic
  3129 | D:2      | Reached skill level 1 in Air Magic
  3129 | D:2      | Reached skill level 1 in Earth Magic
  3129 | D:2      | Reached skill level 1 in Poison Magic
  3689 | D:2      | Reached XP level 5. HP: 47/47 MP: 5/7
  3928 | D:3      | Killed an ogre
  3929 | D:3      | Reached XP level 6. HP: 27/53 MP: 8/8
  4329 | D:3      | Found a snail-covered altar of Cheibriados.
  4674 | D:4      | Reached skill level 5 in Axes
  4674 | D:4      | Reached skill level 5 in Dodging
  4910 | D:4      | Found a hide-covered altar of Uskayaw.
  5409 | D:5      | Noticed a black bear
  5423 | D:5      | Reached XP level 7. HP: 46/59 MP: 10/10
  5614 | D:5      | Noticed nickcage's ghost (amateur FoFi)
  5859 | D:5      | Found a transporter.
  5895 | D:5      | Found a transporter.
  5903 | D:5      | Reached skill level 10 in Stealth
  5942 | D:5      | Identified a scroll of acquirement
  5942 | D:5      | Acquired the +1 crystal plate armour of Inviolability
                  | {Regen+ Str+4}
  6025 | D:5      | Reached XP level 8. HP: 59/67 MP: 12/12
  6064 | D:5      | Found a white marble altar of Elyvilon.
  7319 | D:6      | Noticed Maggie
  7355 | D:5      | Killed Maggie
  7381 | D:6      | Noticed Pikel
  7431 | D:5      | Killed Pikel
  7432 | D:5      | Reached XP level 9. HP: 36/74 MP: 13/15
  8002 | D:6      | Reached skill level 5 in Invocations
  8549 | D:7      | Reached XP level 10. HP: 80/80 MP: 17/17
  8714 | D:7      | Found a staircase to the Ecumenical Temple.
  8730 | Temple   | Entered the Ecumenical Temple
  8781 | Temple   | Became a worshipper of Gozag Ym Sagoz the Greedy
  9169 | D:8      | Reached skill level 5 in Short Blades
  9169 | D:8      | Reached skill level 5 in Long Blades
  9169 | D:8      | Reached skill level 5 in Maces & Flails
  9169 | D:8      | Reached skill level 5 in Polearms
  9169 | D:8      | Reached skill level 5 in Staves
  9169 | D:8      | Reached skill level 5 in Slings
  9169 | D:8      | Reached skill level 5 in Bows
  9169 | D:8      | Reached skill level 5 in Crossbows
  9169 | D:8      | Reached skill level 5 in Throwing
  9169 | D:8      | Reached skill level 5 in Armour
  9169 | D:8      | Reached skill level 5 in Shields
  9169 | D:8      | Reached skill level 5 in Unarmed Combat
  9169 | D:8      | Reached skill level 5 in Spellcasting
  9169 | D:8      | Reached skill level 5 in Evocations
  9531 | D:8      | Noticed Prince Ribbit
  9545 | D:8      | Killed Prince Ribbit
  9550 | D:8      | Reached skill level 11 in Stealth
 10170 | D:9      | Noticed a two-headed ogre
 10179 | D:9      | Killed a two-headed ogre
 10246 | D:9      | Paralysed by a hornet for 2 turns
 10252 | D:9      | Paralysed by a hornet for 3 turns
 10398 | D:9      | Found an iron altar of Okawaru.
 10398 | D:9      | Found a bloodstained altar of Trog.
 10411 | D:9      | Slain by an orc warrior

Illustrated notes

Levels and vault maps discovered:
D:1:      mainiacjoe_arrival_reflecting_pool, layout_loops_ring,
          minmay_hedge_maze, corexii_corridor_pit
D:2:      layout_basic, serial_shops, shop
D:3:      layout_basic, cheibrodos_worm_habitat,
          chequers_temple_overflow_statue_of_worship,
          dreamdust_ecumenical_altar_grove, minmay_ogre_servants
D:4:      layout_gridville, nicolae_overflow_crystal_walls, grunt_ministairs_3,
          minmay_box_of_dots
D:5:      layout_loops_ring, mainiacjoe_overflow_24_doors,
          gammafunk_ghost_arena, amethyst_killhole, guppyfry_early_orc_mine
D:6:      layout_basic, uniq_pikel, uniq_maggie
D:7:      layout_loops_ring, minmay_temple_entry_purple_smoke,
          nicolae_figureground_pulse
D:8:      layout_rooms, serial_corexii_hall, corexii_hall_statues_u,
          chequers_hall_statues_wall_a, kennysheep_cluttered_room,
          uniq_prince_ribbit1
D:9:      layout_roguey, grunt_temple_overflow_bloody_war
Temple:   hc_temple_tempest_star

Skill      XL: |  1  2  3  4  5  6  7  8  9 10 |
---------------+-------------------------------+-----
Stealth        | 10 11 | 11.1
Invocations    | 1 2 3 4 5 6 |  6.3
Short Blades   | 1 2 4 5 |  5.7
Long Blades    | 1 2 4 5 |  5.7
Maces & Flails | 1 2 4 5 |  5.7
Polearms       | 1 2 4 5 |  5.7
Staves         | 1 2 4 5 |  5.7
Slings         | 1 2 4 5 |  5.7
Bows           | 1 2 4 5 |  5.7
Crossbows      | 1 2 4 5 |  5.7
Throwing       | 1 2 4 5 |  5.7
Armour         | 1 2 4 5 |  5.7
Shields        | 1 2 4 5 |  5.7
Unarmed Combat | 1 2 4 5 |  5.7
Spellcasting   | 1 2 4 5 |  5.7
Evocations     | 1 2 4 5 |  5.7
Conjurations   | 1 2 3 4 |  4.7
Hexes          | 1 2 3 4 |  4.7
Summonings     | 1 2 3 4 |  4.7
Necromancy     | 1 2 3 4 |  4.7
Translocations | 1 2 3 4 |  4.7
Transmutations | 1 2 3 4 |  4.7
Fire Magic     | 1 2 3 4 |  4.7
Ice Magic      | 1 2 3 4 |  4.7
Air Magic      | 1 2 3 4 |  4.7
Earth Magic    | 1 2 3 4 |  4.7
Poison Magic   | 1 2 3 4 |  4.7
Axes           | 5 6 7 |  7.4
Dodging        | 5 6 7 |  7.4
Fighting       | 7 8 |  8.8

Action                   |  1- 3 |  4- 6 |  7- 9 | 10-12 || total
-------------------------+-------+-------+-------+-------++-------
Melee: Hand axe          |   106 |    60 |       |       ||   166
       Bite              |    12 |    14 |    25 |    31 ||    82
       Punch             |     1 |       |       |       ||     1
       Halberd           |       |   107 |   231 |   194 ||   532
Throw: Dart              |       |     5 |     4 |     3 ||    12
Evoke: Wand              |       |       |       |     7 ||     7
  Use: Scroll            |     5 |     4 |     3 |     1 ||    13
       Potion            |     2 |     1 |     6 |       ||     9
 Stab: Sleeping          |     9 |    14 |     2 |       ||    25
       Invisible         |       |     1 |       |       ||     1
       Distracted        |       |     1 |       |       ||     1
       Paralysed         |       |       |       |     4 ||     4
Armor: Leather armour    |    25 |     4 |       |       ||    29
       Ring mail         |       |    73 |    42 |       ||   115
       Crystal plate arm |       |       |   169 |   179 ||   348
Dodge: Dodged            |    95 |   180 |   124 |    55 ||   454
